 Dungeon Crawl Stone Soup version 0.27.0-1-g7a089689b8 (webtiles) character file.

Game seed: 8461037080148049759

1075 Smaepdii the Spear-Bearer (level 8, -15/62 HPs)
             Began as a Merfolk Gladiator on Aug 14, 2021.
             Was a Believer of Okawaru.
             Demolished by an ogre (25 damage)
             ... on level 5 of the Dungeon.
             The game lasted 00:24:50 (5408 turns).

Smaepdii the Spear-Bearer (Merfolk Gladiator)       Turns: 5408, Time: 00:24:50

Health: -15/62     AC:  6    Str: 15    XL:     8   Next: 29%
Magic:  17/17      EV: 16    Int:  7    God:    Okawaru [**....]
Gold:   50         SH:  0    Dex: 17    Spells: 7/7 levels left

rFire    . . .     SeeInvis .   u - +0 scythe (vorpal)
rCold    + . .     Faith    .   (shield currently unavailable)
rNeg     . . .     Spirit   .   v - +2 robe {rC+}
rPois    .         Reflect  .   c - +0 helmet
rElec    .         Harm     .   (no cloak)
rCorr    .         Rampage  .   (no gloves)
Will     .....                  n - +0 pair of boots
Stlth    ++........             (no amulet)
HPRegen  0.20/turn              j - ring of magical power
MPRegen  0.15/turn              (no ring)

@: no status effects
A: (nimble swimmer 2), mertail
a: Renounce Religion, Heroism


You were on level 5 of the Dungeon.
You worshipped Okawaru.
Okawaru was pleased with you.
You visited 2 branches of the dungeon, and saw 6 of its levels.
You also visited: Sewer.

You collected 206 gold pieces.
You spent 156 gold pieces at shops.

Inventory:

Hand Weapons
 a - a +1 trident
 u - a +0 vorpal scythe (weapon)
Missiles
 d - 3 throwing nets
 e - 2 javelins
 k - 8 poisoned darts (quivered)
 o - 5 datura-tipped darts
Armour
 c - a +0 helmet (worn)
 n - a +0 pair of boots (worn)
 v - a +2 robe of cold resistance (worn)
Jewellery
 j - a ring of magical power (left hand)
Wands
 x - a wand of flame (9)
 y - a wand of paralysis (11)
Scrolls
 g - 2 scrolls of teleportation {unknown}
 i - 3 scrolls of fog {unknown}
 p - a scroll of enchant weapon
 q - a scroll of noise {unknown}
 r - a scroll of magic mapping {unknown}
 w - a scroll of summoning {unknown}
Potions
 b - a potion of haste
 f - 2 potions of curing {unknown}
 h - a potion of brilliance {unknown}
 l - 3 potions of heal wounds {unknown}
 m - 3 potions of might
 s - a potion of lignification {unknown}
 t - a potion of flight {unknown}
 z - a potion of berserk rage {unknown}


   Skills:
 + Level 5.2 Fighting
 * Level 10.1 Polearms
 - Level 2.0 Throwing
 + Level 7.0 Dodging
 + Level 3.0 Poison Magic


You had 7 spell levels left.
You didn't know any spells.
Your spell library contained the following spells:

 Spells                   Type           Power      Damage    Failure   Level
 Poisonous Vapours        Pois/Air       4%         N/A       36%         2
 Corpse Rot               Necr/Air       N/A        N/A       56%         2
 Freezing Cloud           Conj/Ice/Air   0%         6-21      100%        5


Dungeon Overview and Level Annotations

Branches:
Dungeon (5/15)             Temple (1/1) D:4           Sewer (visited)

Altars:
Cheibriados
Dithmenos
Makhleb
Nemelex Xobeh
Okawaru
Qazlal
Ru
Sif Muna
Trog
Uskayaw
Vehumet
Wu Jian
Xom
Yredelemnul
Zin
The Shining One

Shops:
D:2 (   D:5 *(!


Innate Abilities, Weirdness & Mutations

((You are quick and stealthy near water. (Stealth+, EV+, Speed+++)))
Your lower body shifts to a powerful aquatic tail in water.


Message History

The ogre barely misses you.
You barely miss the ogre.
The ogre is moderately wounded.
The ogre closely misses you.
You barely miss the ogre.
The ogre is moderately wounded.
The ogre hits you with a +0 giant spiked club!
The ogre hits you with a +0 giant spiked club!!
Throw: 12 darts (poison)
Press: ? - help, Q - select action, (/) - cycle Shift-Dir - straight line, f/p - ogre
Aim: an ogre, wielding a +0 giant spiked club (moderately wounded, 77% to hit)
You throw a poisoned dart. The poisoned dart hits the ogre.
The ogre is poisoned.
The ogre is moderately wounded.
The ogre looks more healthy.
Throw: 11 darts (poison)
Press: ? - help, Q - select action, (/) - cycle Shift-Dir - straight line, f/p - ogre
Aim: an ogre, wielding a +0 giant spiked club (severely wounded, 77% to hit)
You throw a poisoned dart.
The poisoned dart barely misses the ogre.
The ogre closely misses you.
Throw: 10 darts (poison)
Press: ? - help, Q - select action, (/) - cycle Shift-Dir - straight line, f/p - ogre
Aim: an ogre, wielding a +0 giant spiked club (severely wounded, 77% to hit)
You throw a poisoned dart.
The poisoned dart completely misses the ogre.
The ogre completely misses you.
Throw: 9 darts (poison)
Press: ? - help, Q - select action, (/) - cycle Shift-Dir - straight line, f/p - ogre
Aim: an ogre, wielding a +0 giant spiked club (severely wounded, 77% to hit)
You throw a poisoned dart. The poisoned dart hits the ogre.
The ogre is poisoned.
The ogre is severely wounded.
The ogre looks more healthy.
You barely miss the ogre.
The ogre is severely wounded.
The ogre hits you with a +0 giant spiked club!!
* * * LOW HITPOINT WARNING * * *
The ogre hits you with a +0 giant spiked club!!
You die...

#..####...>..[.## ####
##.#.......#####
#.###.......##.# ###
##.........# ##
##........# .#
##.........## ##.##
#...........###...#
##.............#....
#..@.........#......
##.O..........##.....
##.............###....
#..##..........# #....
##.####.........#
#.... ##..#
##........# #..#.
##..### ###.....(#
#.### ##...#.##
###...## ### #
####...##..##


You could see an ogre.

Vanquished Creatures
  Sigmund (D:4)
  A black bear (D:4)
  2 necrophages (D:5)
  2 ogres
  A hound (D:4)
  A jelly (D:4)
  Natasha (thrice) (D:4)
  3 orc wizards
  A hound skeleton (D:4)
  4 adders (Sewer)
  10 gnolls
  A howler monkey skeleton (D:5)
  4 worms
  3 dart slugs
  7 orcs
  6 endoplasms
  2 giant cockroaches
  7 goblins
  5 hobgoblins
  18 jackals
  A quokka (D:2)
  8 ball pythons
  6 bats
  2 frilled lizards (Sewer)
  A jackal skeleton (D:4)
  9 kobolds
  5 rats
114 creatures vanquished.

Vanquished Creatures (others)
  8 plants (Sewer)
8 creatures vanquished.

Grand Total: 122 creatures vanquished

Notes
Turn   | Place    | Note
-------+----------+-------------------------------------------
     0 | D:1      | Smaepdii the Merfolk Gladiator began the quest for the Orb.
     0 | D:1      | Reached XP level 1. HP: 16/16 MP: 1/1
   177 | D:1      | Found a faded altar of an unknown god.
   250 | D:1      | Reached XP level 2. HP: 23/23 MP: 2/2
   391 | D:1      | Reached skill level 5 in Polearms
   788 | D:2      | Reached XP level 3. HP: 23/28 MP: 3/3
   995 | D:2      | Found a snail-covered altar of Cheibriados.
  1252 | D:2      | Found Cousabb's Weapon Boutique.
  1460 | D:2      | Reached XP level 4. HP: 20/34 MP: 4/4
  1462 | D:2      | Reached skill level 6 in Polearms
  1790 | D:3      | Reached skill level 5 in Dodging
  1790 | D:3      | Reached XP level 5. HP: 40/41 MP: 5/5
  1807 | D:3      | Found a glowing drain.
  1942 | Sewer    | Entered a sewer
  2382 | Sewer    | Reached skill level 7 in Polearms
  2763 | D:3      | Noticed an ogre
  2784 | D:3      | Killed an ogre
  2785 | D:3      | Reached XP level 6. HP: 35/48 MP: 6/6
  3630 | D:4      | Found a glowing golden altar of the Shining One.
  3646 | D:4      | Noticed a black bear
  3712 | D:4      | Reached skill level 8 in Polearms
  3718 | D:4      | Found a staircase to the Ecumenical Temple.
  3742 | Temple   | Entered the Ecumenical Temple
  3930 | Temple   | Became a worshipper of Warmaster Okawaru
  3983 | D:4      | Noticed Sigmund
  4118 | D:4      | Noticed Natasha
  4125 | D:4      | Killed Natasha
  4180 | D:4      | Reached XP level 7. HP: 48/54 MP: 7/7
  4237 | D:4      | Reached skill level 1 in Poison Magic
  4489 | D:4      | Killed Sigmund
  4489 | D:4      | Reached * piety under Okawaru
  4490 | D:4      | Reached skill level 9 in Polearms
  4598 | D:4      | Found a hide-covered altar of Uskayaw.
  4792 | D:4      | Found a radiant altar of Vehumet.
  4867 | D:4      | Noticed Natasha
  4878 | D:4      | Killed Natasha
  4971 | D:4      | Noticed Natasha
  4973 | D:4      | Found a hide-covered altar of Uskayaw.
  4975 | D:4      | Killed Natasha
  4988 | D:5      | Entered Level 5 of the Dungeon
  4988 | D:5      | Found Paon's Weapon Shop.
  5010 | D:5      | Found Kynguska's Gadget Gallery.
  5016 | D:5      | Bought a wand of paralysis (11) for 156 gold pieces
  5118 | D:5      | Found Tyetuxeh's Distillery.
  5204 | D:5      | Reached skill level 5 in Fighting
  5204 | D:5      | Reached XP level 8. HP: 62/62 MP: 8/8
  5329 | D:5      | Reached ** piety under Okawaru
  5330 | D:5      | Reached skill level 10 in Polearms
  5408 | D:5      | Demolished by an ogre

Illustrated notes

Levels and vault maps discovered:
D:1:      psy_arrival_statuary, layout_loops_ring,
          dreamdust_ecumenical_altar_grove, corexii_hall_statues_l
D:2:      layout_rooms, basic_altar, serial_shops, nicolae_shop_stone,
          grunt_decor_resistance
D:3:      layout_basic, portal_sewer_entry_c, kennysheep_boxes
D:4:      layout_basic, mainiacjoe_overflow_six_doors_small, vehumet_crystals,
          mainiacjoe_overflow_surrounded_room, minmay_temple_entry_junction,
          uniq_sigmund, uniq_natasha
D:5:      layout_cave_pods, serial_shops, nicolae_shop_crystal,
          nicolae_stop_n_shop_1, nicolae_shop_gadgets, uniq_edmund
Temple:   minmay_temple_bridge_abc

Skill      XL: |  1  2  3  4  5  6  7  8 |
---------------+-------------------------+-----
Polearms       | 5 6 7 8 9 10 | 10.1
Fighting       | 3 4 5 |  5.2
Dodging        | 5 6 7 |  7.0
Poison Magic   | 2 3 |  3.0
Throwing       | |  2.0

Action                   |  1- 3 |  4- 6 |  7- 9 || total
-------------------------+-------+-------+-------++-------
Melee: Trident           |    82 |   230 |    57 ||   369
       Tailslap          |       |     7 |       ||     7
       Scythe            |       |       |    29 ||    29
Throw: Javelin           |     1 |       |       ||     1
       Dart              |       |       |     7 ||     7
Evoke: Wand              |       |       |     3 ||     3
  Use: Scroll            |       |     2 |       ||     2
 Stab: Sleeping          |     1 |       |       ||     1
Armor: Leather armour    |     4 |       |       ||     4
       Ring mail         |     1 |    43 |    20 ||    64
       Robe              |       |       |     2 ||     2
Dodge: Dodged            |    26 |    87 |    54 ||   167
